 Dungeon Crawl Stone Soup version 0.26-a0-658-gbdda728c12 (webtiles) character file.

Game seed: 15319781008008370618

298 jestyr24 the Skirmisher (level 6, -9/57 HPs)
             Began as a Minotaur Monk on Sept 26, 2020.
             Was a Follower of Uskayaw.
             Mangled by Menkaure (16 damage)
             ... on level 4 of the Dungeon on Oct 5, 2020.
             The game lasted 00:12:52 (3260 turns).

jestyr24 the Skirmisher (Minotaur Monk)             Turns: 3260, Time: 00:12:53

Health: -9/57      AC: 12    Str: 18    XL:     6   Next: 13%
Magic:  5/5        EV:  6    Int:  7    God:    Uskayaw [*.....]
Gold:   246        SH:  4    Dex: 12    Spells: 5/5 levels left

rFire    . . .     SeeInvis .   s - +2 spear (flame)
rCold    . . .     Faith    .   g - +0 buckler
rNeg     + . .     Spirit   .   o - +0 plate armour
rPois    .         Reflect  .   (helmet restricted)
rElec    .         Harm     .   q - +0 cloak
rCorr    .         Rampage  .   (no gloves)
MR       .....                  (no boots)
Stlth    ..........             (no amulet)
HPRegen  0.19/turn              e - ring of positive energy
MPRegen  0.09/turn              (no ring)

@: no status effects
A: retaliatory headbutt, horns 2
a: Stomp, Renounce Religion


You were on level 4 of the Dungeon.
You worshipped Uskayaw.
Uskayaw was noncommittal.
You visited 1 branch of the dungeon, and saw 4 of its levels.

You collected 246 gold pieces.

Inventory:

Hand Weapons
 a - a +0 falchion
 b - a +0 rapier
 c - a +0 dagger
 m - a +2 mace of protection
 s - a +2 spear of flaming (weapon)
Missiles
 u - 5 boomerangs (quivered)
Armour
 g - a +0 buckler (worn)
 o - a +0 plate armour (worn)
 q - a +0 cloak (worn)
Jewellery
 e - a ring of positive energy (left hand)
 t - an uncursed ring of poison resistance
Scrolls
 f - 6 scrolls of teleportation {unknown}
 h - 2 scrolls of enchant weapon {unknown}
 i - 4 scrolls of remove curse {unknown}
 k - a scroll of identify {unknown}
 n - 2 scrolls of enchant armour {unknown}
Potions
 d - 3 potions of heal wounds {unknown}
 j - 2 potions of cancellation {unknown}
 l - 3 potions of curing {unknown}
 p - a potion of stabbing {unknown}
 r - a potion of flight {unknown}


   Skills:
 * Level 5.6 Fighting
 - Level 3.6 Long Blades
 + Level 1.5 Polearms
 * Level 3.5 Armour
 * Level 4.6 Dodging
 - Level 1.5 Stealth
 * Level 2.0 Shields


You had 5 spell levels left.
You didn't know any spells.
Your spell library was empty.

Dungeon Overview and Level Annotations

Branches:
Dungeon (4/15)
 Temple: D:4-7

Altars:
Cheibriados
Uskayaw

Annotations:
D:4 Menkaure


Innate Abilities, Weirdness & Mutations

You reflexively headbutt those who attack you in melee.
You have a pair of horns on your head.


Message History

Menkaure hits you but does no damage. Menkaure hits you!!
* * * LOW HITPOINT WARNING * * *
Menkaure points at you and mumbles some strange words.
Pain shoots through your body!
* * * LOW HITPOINT WARNING * * *
Found a fuming emerald potion.
You puncture Menkaure! You burn Menkaure.
Menkaure is heavily damaged.
Menkaure blazes with dark energy!
Menkaure calls on the powers of darkness!
Your body is wracked with pain!
* * * LOW HITPOINT WARNING * * *
Your plate armour prevents you from hitting Menkaure.
Menkaure is heavily damaged.
Menkaure shouts, "The sands of time shall wipe you from history!"
Menkaure barely misses you.
You barely miss Menkaure.
Menkaure is heavily damaged.
Menkaure hits you!
You die...

#####.....!
......... .......
#.....# #.....#
#.....# #.....#
#.M@..# #.....#
#.....# #...###
#.#..### .#
#.#..... ..
#.##.#####.#
#...........
####..####.####..


You could see Menkaure (fast).

Vanquished Creatures
  An ogre (D:4)
  An orc wizard (D:4)
  Natasha (D:3)
  Robin (D:3)
  3 adders (D:3)
  A white imp (D:4)
  4 oozes
  3 worms
  3 dart slugs
  2 leopard geckos
  8 orcs
  5 giant cockroaches
  13 goblins
  8 hobgoblins
  3 quokkas
  2 ball pythons
  10 bats
  9 frilled lizards
  4 kobolds
  A quokka skeleton (D:4)
  4 rats
87 creatures vanquished.

Notes
Turn   | Place    | Note
-------+----------+-------------------------------------------
     0 | D:1      | jestyr24 the Minotaur Monk began the quest for the Orb.
     0 | D:1      | Reached XP level 1. HP: 19/19 MP: 0/0
   514 | D:1      | Reached XP level 2. HP: 27/27 MP: 1/1
   732 | D:1      | Reached skill level 4 in Fighting
  1335 | D:2      | Reached XP level 3. HP: 31/33 MP: 2/2
  1410 | D:2      | Reached skill level 1 in Armour
  1570 | D:2      | Found a snail-covered altar of Cheibriados.
  1691 | D:2      | Reached skill level 1 in Shields
  2142 | D:3      | Reached XP level 4. HP: 16/41 MP: 3/3
  2158 | D:3      | Noticed Robin
  2169 | D:3      | Killed Robin
  2371 | D:3      | Upgraded the game from 0.26-a0-649-gf8c6c3aab7 to
                  | 0.26-a0-658-gbdda728c12
  2455 | D:3      | Reached skill level 5 in Fighting
  2823 | D:3      | Noticed Natasha
  2830 | D:3      | Killed Natasha
  2830 | D:3      | Reached XP level 5. HP: 44/48 MP: 4/4
  3090 | D:4      | Found a hide-covered altar of Uskayaw.
  3094 | D:4      | Became a worshipper of Uskayaw the Reveler
  3094 | D:4      | Reached * piety under Uskayaw
  3126 | D:4      | Reached ** piety under Uskayaw
  3131 | D:4      | Reached *** piety under Uskayaw
  3168 | D:4      | Noticed an ogre
  3173 | D:4      | Reached skill level 1 in Polearms
  3178 | D:4      | Killed an ogre
  3178 | D:4      | Reached XP level 6. HP: 44/57 MP: 5/5
  3252 | D:4      | Noticed Menkaure
  3260 | D:4      | Mangled by Menkaure

Illustrated notes

Levels and vault maps discovered:
D:1:      dpeg_arrival_circle_labyrinth_a, layout_loops_corners,
          dk_noncrumbling_3, minmay_3d_cube
D:2:      layout_loops_ring, lemuel_round_altar
D:3:      layout_basic, uniq_robin, uniq_natasha
D:4:      layout_basic, marbit_many_paths, nicolae_overflow_crystal_walls,
          minmay_temple_entry_trees, nemelex_xobeh_ov_fountains_minmay,
          uniq_sigmund, uniq_menkaure

Skill      XL: |  1  2  3  4  5 |
---------------+----------------+-----
Fighting       | 4 5 |  5.6
Armour         | 1 2 3 |  3.5
Dodging        | 4 |  4.6
Shields        | 1 2 |  2.0
Polearms       | 1 |  1.5
Long Blades    | |  3.6
Stealth        | |  1.5

Action                   |  1- 3 |  4- 6 || total
-------------------------+-------+-------++-------
Melee: Falchion          |   105 |    30 ||   135
       Headbutt          |    18 |    20 ||    38
       Spear             |       |    67 ||    67
Throw: Stone             |       |     1 ||     1
 Stab: Sleeping          |     1 |       ||     1
       Paralysed         |       |     1 ||     1
Armor: Robe              |     7 |       ||     7
       Plate armour      |    59 |    62 ||   121
Dodge: Dodged            |    62 |    26 ||    88
Block: Buckler           |    18 |    13 ||    31
       Rpst.: Falchion   |    22 |     3 ||    25

Table legend: (Time is in decaauts)
 A = Elapsed time spent in this place.
 B = Non-inter-level travel time spent in this place.
 C = Inter-level travel time spent in this place.
 D = Time resting spent in this place.
 E = Time spent auto-exploring this place.
 F = Levels seen in this place.
 G = Mean time per level.
                   A        B        C        D        E       F      G
               +--------+--------+--------+--------+--------+-----+--------+
         Total |   3284 |   3198 |     86 |    240 |   1921 |   4 |  821.0 |
       Dungeon |   3284 |   3198 |     86 |    240 |   1921 |   4 |  821.0 |
               +--------+--------+--------+--------+--------+-----+--------+

Top non-repeatable levels by time:
     D:1: 1284 daAuts
     D:3: 1045 daAuts
     D:2: 700 daAuts
     D:4: 253 daAuts
